 Dungeon Crawl Stone Soup version 0.27.1-35-g4d5d836560 (console) character file.

Game seed: 5637181994414586588

754 grimtooth the Cudgeller (level 7, 0/56 HPs)
             Began as a Demonspawn Abyssal Knight on May 30, 2022.
             Was a Priest of Lugonu.
             Succumbed to a scorpion's poison
             ... on level 5 of the Dungeon.
             The game lasted 00:27:43 (5768 turns).

grimtooth the Cudgeller (Demonspawn Abyssal Knight) Turns: 5768, Time: 00:27:44

Health: 0/56       AC:  6    Str: 12    XL:     7   Next: 49%
Magic:  8/8        EV: 11    Int: 16    God:    Lugonu [***...]
Gold:   185        SH:  4    Dex: 12    Spells: 6/6 levels left

rFire    + . .     SeeInvis .   a - +1 mace
rCold    . . .     Faith    .   (no shield)
rNeg     + . .     Spirit   .   c - +2 leather armour {rN+}
rPois    .         Reflect  .   (no helmet)
rElec    .         Harm     .   n - +0 cloak
rCorr    .         Rampage  .   (no gloves)
Will     .....                  (boots unavailable)
Stlth    +.........             (no amulet)
HPRegen  0.18/turn              q - ring of protection from fire
MPRegen  0.11/turn              (no ring)

@: mighty, brilliant, lethally poisoned (0 -> -3), flying
A: hooves 3, foul stench 1, condensation shield
a: Renounce Religion, Depart the Abyss, Bend Space, Banish


You were on level 5 of the Dungeon.
You worshipped Lugonu.
Lugonu was most pleased with you.
You visited 1 branch of the dungeon, and saw 5 of its levels.
You visited the Abyss 1 time.
You also visited: Ossuary.

You collected 185 gold pieces.

Inventory:

Hand Weapons
 a - a +1 mace (weapon)
 b - a +0 hunting sling
Missiles
 e - 4 stones (quivered)
 o - 20 sling bullets
 s - 5 boomerangs
 v - 5 boomerangs of dispersal
Armour
 c - a +2 leather armour of positive energy (worn)
 i - a +0 ring mail
 j - a +0 leather armour
 n - a +0 cloak (worn)
Jewellery
 q - a ring of protection from fire (left hand)
Scrolls
 d - a scroll of enchant armour
 h - a scroll of immolation {unknown}
 l - a scroll of summoning {unknown}
 m - 2 scrolls of teleportation
 p - a scroll of noise
 u - a scroll of acquirement {unknown}
 w - a scroll of enchant weapon {unknown}
Potions
 f - a potion of resistance
 k - a potion of brilliance


   Skills:
 + Level 5.6 Fighting
 * Level 6.5 Maces & Flails
 - Level 1.7 Armour
 - Level 0.8 Dodging
 - Level 2.4 Invocations


You had 6 spell levels left.
You didn't know any spells.
Your spell library was empty.

Dungeon Overview and Level Annotations

Branches:
Dungeon (5/15)            Ossuary (visited)
 Temple: D:4-7

Altars:
Cheibriados
Fedhas
Nemelex Xobeh
Uskayaw
Vehumet

Annotations:
D:4 1 runed translucent door, Crazy Yiuf


Innate Abilities, Weirdness & Mutations

You have hooves in place of feet.
You may rarely emit foul miasma when damaged in melee.
A meltable shield of frost defends you. (SH +4)


Message History

* * * LOW HITPOINT WARNING * * *
You emit a cloud of foul miasma!
You hit the scorpion but do no damage.
The scorpion is moderately wounded.
You feel sick.
The scorpion is engulfed in dark miasma.
The scorpion is poisoned.
The scorpion closely misses you.
You hit the scorpion.
The scorpion is severely wounded.
You feel sick.
The scorpion is engulfed in dark miasma.
The scorpion looks even sicker.
The scorpion stings you.
* * * LOW HITPOINT WARNING * * *
You are lethally poisoned!
The scorpion poisons you!
The scorpion is engulfed in dark miasma.
The scorpion looks even sicker.
The scorpion seems to slow down.
You kill the scorpion!
Lugonu accepts your kill.
It was a potion of brilliance.
You feel clever all of a sudden.
* * * LOW HITPOINT WARNING * * *
You feel very sick.
It was a potion of might.
You feel very mighty all of a sudden.
* * * LOW HITPOINT WARNING * * *
You feel sick.
It was a potion of flight.
You feel very buoyant.
You fly up into the air.
* * * LOW HITPOINT WARNING * * *
You feel sick.
Enter note: - thats that then
* * * LOW HITPOINT WARNING * * *
You feel sick.
* * * LOW HITPOINT WARNING * * *
You feel sick.
* * * LOW HITPOINT WARNING * * *
You feel sick.
You die...

#. #.####### #########
##....$... #........
#........# #........
#.......(## #........
#.......(.# #...)....
#.........# #.(.†....
+......@.(# #........
#........†# #........
......###.######........
#####.#.........########
# #.........#####
#...............
#......(......>.
###+#...(.......
#....(......
#...........
#.....(.....


There were no monsters in sight!

Vanquished Creatures
  Eustachio (D:4)
  Menkaure (D:4)
  A water moccasin zombie (D:5)
  2 scorpions
  2 hounds (D:5)
  An iguana (D:4)
  An orc wizard (D:4)
  2 mummies (Ossuary)
  A hound skeleton (D:4)
  4 adders
  4 gnolls (D:2)
  An ufetubus (D:5)
  A worm (D:2)
  3 dart slugs
  6 orcs
  4 bats
  9 endoplasms
  5 giant cockroaches (D:1)
  2 gnoll zombies (Ossuary)
  7 goblins
  8 hobgoblins
  3 quokkas
  7 ball pythons
  6 frilled lizards
  3 goblin zombies (Ossuary)
  A hobgoblin zombie (Ossuary)
  4 kobolds
  2 orc zombies (Ossuary)
  7 rats
99 creatures vanquished.

Vanquished Creatures (others)
  11 plants (D:5)
11 creatures vanquished.

Grand Total: 110 creatures vanquished

Notes
Turn   | Place    | Note
-------+----------+-------------------------------------------
     0 | Abyss:1  | grimtooth the Demonspawn Abyssal Knight began the quest for
                  | the Orb.
     0 | Abyss:1  | Reached XP level 1. HP: 18/18 MP: 2/2
    22 | D:1      | Escaped the Abyss
    78 | D:1      | Reached skill level 2 in Maces & Flails
   229 | D:1      | Gained mutation: A meltable shield of frost defends you.
                  | (SH +4) [demonic ancestry]
   229 | D:1      | Reached XP level 2. HP: 24/24 MP: 3/3
   642 | D:1      | Gained mutation: You have large cloven feet. [demonic
                  | ancestry]
   642 | D:1      | Reached XP level 3. HP: 21/29 MP: 4/4
   644 | D:1      | Reached ** piety under Lugonu
   902 | D:1      | Reached skill level 3 in Maces & Flails
  1365 | D:2      | Gained mutation: You have hoof-like feet. [demonic
                  | ancestry]
  1365 | D:2      | Reached XP level 4. HP: 37/37 MP: 5/5
  2330 | D:2      | - man these gnolls
  2707 | D:3      | Reached skill level 4 in Maces & Flails
  2933 | D:3      | Reached XP level 5. HP: 42/42 MP: 6/6
  3073 | D:3      | Found a snail-covered altar of Cheibriados.
  3665 | D:4      | Found a runed translucent door.
  3666 | D:4      | Noticed Crazy Yiuf
  3707 | D:4      | Noticed Eustachio
  3748 | D:4      | Killed Eustachio
  3749 | D:4      | Reached skill level 5 in Maces & Flails
  3749 | D:4      | Gained mutation: You may rarely emit foul miasma when
                  | damaged in melee. [demonic ancestry]
  3749 | D:4      | Reached XP level 6. HP: 16/50 MP: 7/7
  4044 | D:4      | Noticed Menkaure
  4105 | D:5      | Entered Level 5 of the Dungeon
  4165 | D:5      | Found a blossoming altar of Fedhas.
  4200 | D:5      | Found a sand-covered staircase.
  4235 | Ossuary  | Entered an ossuary
  4474 | Ossuary  | Reached *** piety under Lugonu
  4550 | Ossuary  | - do i actually have to bail out of an ossuary
  5043 | D:4      | Reached skill level 5 in Fighting
  5253 | D:4      | Found a sparkling altar of Nemelex Xobeh.
  5259 | D:4      | Found a radiant altar of Vehumet.
  5262 | D:4      | Found a hide-covered altar of Uskayaw.
  5434 | D:4      | Killed Menkaure
  5435 | D:4      | Reached skill level 6 in Maces & Flails
  5435 | D:4      | Gained mutation: You have hooves in place of feet. [demonic
                  | ancestry]
  5435 | D:4      | Reached XP level 7. HP: 35/56 MP: 8/8
  5765 | D:5      | - thats that then
  5765 | D:5      | HP: 2/56 [poisoned by a scorpion]
  5768 | D:5      | Succumbed to a scorpion's poison

Illustrated notes ..#### [....### . #...######## ...####..).....##### #......#######..@).# #....#..## #####.## ####..#.g#### #..## ####### #........# ##..#####.....# ###...##.# ##..........#.# #### ##.....######.............# ...# ##.#..............((.....# .#.### #.#.........(......(....# .#...###..........(............# ####....#......................# ####................<.......# Turn 2330 on D:2: - man these gnolls ############# .#.#.#.#.#.#.# .............# ##### ...........(.# ##...## ............(###.....## ............Z(........# .........@.Z.Z.(.((∩..# ...........Z.((((.(...# ............(###.....## .............# ##...## .............# ##### .#.#.#.#.#.#.# ############# Turn 4550 on Ossuary: - do i actually have to bail out of an ossuary

############# ....$..
#...........# .......
#...........#
......(##
#...........#
......(.#
#...).......#
........#
#.(.†........
.......(#
#............
.......†#
#............
###.######............
#.........##########..
#....@....##### #)<
#.....°......... #..
#......(......>. ##.
###+#...(....... #.
#....(...... #.
#........... ##
#.....(.....
#####.(..... ####
...... #... ......
#... .. #...


Turn 5765 on D:5: - thats that then

Levels and vault maps discovered:
D:1:      evilmike_arrival_crescent, layout_loops_ring, st_stairs_5,
          ebering_dispersal_statue_hall, chequers_serial_rivers_small_3
D:2:      layout_rooms
D:3:      layout_basic, cheibriados_altar_1
D:4:      layout_loops_corners, minmay_overflow_temple_star_quad,
          uniq_eustachio, uniq_crazy_yiuf_cottage, uniq_menkaure
D:5:      lemuel_insect_pit, layout_basic, fedhas_altar_decomposition,
          enter_ossuary_5

Skill      XL: |  1  2  3  4  5  6 |
---------------+-------------------+-----
Maces & Flails | 2 3 4 5 6 |  6.5
Fighting       | 4 5 |  5.6
Armour         | |  1.7
Dodging        | |  0.8
Invocations    | |  2.4

Action                   |  1- 3 |  4- 6 |  7- 9 || total
-------------------------+-------+-------+-------++-------
Melee: Mace              |    84 |   162 |    36 ||   282
       Kick              |     4 |    35 |    13 ||    52
 Fire: Hunting sling     |     1 |    77 |     6 ||    84
Throw: Dart              |    19 |    21 |     4 ||    44
       Stone             |       |     7 |     1 ||     8
Invok: Bend Space        |       |     6 |       ||     6
  Use: Potion            |       |     3 |     3 ||     6
       Scroll            |       |     4 |       ||     4
Armor: Leather armour    |    19 |    31 |    11 ||    61
       Ring mail         |     5 |    31 |       ||    36
Dodge: Dodged            |    43 |   104 |    20 ||   167
Block: Other             |    14 |    26 |     5 ||    45
